AoeStats
← dekam34

Arena

507593553Analyzed
1v1 RM · 13d ago on Sep 18, 2026· 48m 6s· 2 players
Game mode
Random Map
Map size
Tiny (2 player)
Population
200
Speed
Normal
Resources
Standard
Victory
Conquest
Starting age
Dark Age
Ending age
Imperial Age
RankedLock teamsTeams togetherTeam positionsShared explorationLock speedFull tech treeHidden civsTurbo modeCheats
Victory
Defeat
🇺🇸 Malay · United States
621
+18
🇺🇸 Khmer · United States
655
-18
lilith
7:06 Loom
11:11 Feudal Age
15:35 Town Watch
22:36 Castle Age
20:45 Double-Bit Axe
21:38 Horse Collar
22:20 Forging
23:05 Husbandry
24:57 Squires
25:46 Pikeman
27:12 Wheelbarrow
26:39 Gold Mining
26:41 Stone Mining
28:11 Town Patrol
30:42 Sanctity
32:36 Ballistics
32:57 Hand Cart
34:42 Redemption
34:44 Murder Holes
34:31 Treadmill Crane
35:02 Masonry
35:04 Scale Barding Armor
34:53 Fletching
35:40 Iron Casting
35:38 Heavy Plow
36:16 Gold Shaft Mining
42:11 Bodkin Arrow
46:56 Imperial Age
47:56 Halberdier
dekam34
9:37 Feudal Age
15:09 Castle Age
14:07 Scale Barding Armor
15:00 Double-Bit Axe
21:03 Gold Mining
21:37 Horse Collar
26:31 Murder Holes
27:53 Heavy Plow
28:35 Gold Shaft Mining
28:39 Husbandry
28:50 Bloodlines
29:06 Chain Barding Armor
28:38 Fletching
32:42 Bodkin Arrow
32:59 Forging
33:52 Wheelbarrow
33:47 Ballistics
35:03 Town Watch
35:34 Hand Cart
35:58 Iron Casting
43:18 Imperial Age
Connection lost

Rejoining the realm…

Still unreachable

The connection could not be restored.

Session expired

The server has moved on; the page needs a fresh start.